 Dungeon Crawl Stone Soup version 0.30.0-29-ga12c61a403 (webtiles) character file.

Game seed: 6380954319156314864

114 seaoflcl the Conjurer (level 4, -2/24 HPs)
             Began as a Deep Elf Conjurer on June 15, 2023.
             Slain by Grinder (3 damage)
             ... while paralysed by Grinder
             ... on level 3 of the Dungeon.
             The game lasted 00:07:25 (3156 turns).

seaoflcl the Conjurer (Deep Elf Conjurer)           Turns: 3156, Time: 00:07:26

Health: -2/24      AC:  3    Str: 10    XL:     4   Next: 67%
Magic:  5/12       EV:  2    Int: 25    God:
Gold:   128        SH:  0    Dex: 13    Spells: 3/11 levels left

rFire   . . .        (no weapon)
rCold   . . .        (no shield)
rNeg    . . .        a - +0 robe
rPois   .            g - +0 helmet {SInv}
rElec   .            (no cloak)
rCorr   .            (no gloves)
SInv    +            (no boots)
Will    .....        (no amulet)
Stlth   +++          r - ring of wizardry
HPRegen 0.24/turn    s - +6 ring of strength
MPRegen 0.13/turn

%: wizardry (x1)
@: paralysed
A: no striking features
a: no special abilities


You were on level 3 of the Dungeon.
You visited 1 branch of the dungeon, and saw 3 of its levels.

You collected 128 gold pieces.

Inventory:

Hand Weapons
 d - a +0 short sword
 j - a +0 long sword
Missiles
 k - 2 throwing nets
Armour
 a - a +0 robe (worn)
 g - a +0 helmet of see invisible (worn)
Jewellery
 r - a ring of wizardry (left hand)
 s - a +6 ring of strength (right hand)
Scrolls
 f - a scroll of enchant armour {unknown}
 i - a scroll of magic mapping {unknown}
 l - 2 scrolls of identify {unknown}
 m - 2 scrolls of blinking {unknown}
 o - a scroll of torment {unknown}
Potions
 b - a potion of magic
 c - 3 potions of might {unknown}
 e - a potion of haste {unknown}
 h - 3 potions of curing {unknown}
 n - 2 potions of degeneration {unknown}
 p - a potion of lignification {unknown}
 q - a potion of brilliance {unknown}
 t - 2 potions of heal wounds {unknown}
 u - a potion of flight {unknown}


   Skills:
 + Level 3.4 Dodging
 + Level 4.1 Stealth
 * Level 4.1 Spellcasting
 + Level 5.0 Conjurations
 + Level 0.0 Hexes
 + Level 0.0 Translocations


You had 3 spell levels left.
You knew the following spells:

 Your Spells              Type           Power      Damage    Failure   Level
a - Magic Dart            Conj           100%       1d8       1%          1
b - Dazzling Flash        Conj/Hex       34%        N/A       4%          3
c - Iskenderun's Mystic   Conj/Tloc      17%        2d5       13%         4

Your spell library contained the following spells:

 Spells                   Type           Power      Damage    Failure   Level
 Searing Ray              Conj           60%        2d6       1%          2
 Necrotise                Necr           20%        1d5       3%          1
 Sting                    Tmut/Pois      20%        1d4       3%          1
 Poisonous Vapours        Pois/Air       10%        N/A       6%          2
 Spider Form              Tmut/Pois      5%         N/A       11%         3
 Fulminant Prism          Conj/Hex       8%         3d7       13%         4
 Olgreb's Toxic Radiance  Pois           5%         N/A       32%         4
 Death Channel            Necr           2%         N/A       99%         6
 Haunt                    Necr/Summ      2%         N/A       100%        7


Dungeon Overview and Level Annotations

Branches:
Dungeon (3/15)

Altars:

Shops:
D:2 ?

Annotations:
D:3 1 runed translucent door, Crazy Yiuf, Grinder


Message History

Confirm with . or Enter, or press ? or * to list all spells.
Okay, then.
Okay, then.
Casting: Iskenderun's Mystic Blast (extremely dangerous; 13% risk of failure)
Confirm with . or Enter, or press ? or * to list all spells.
The spell is extremely dangerous to miscast (13% risk of failure)!
Continue anyway?
You erupt in a blast of force!
The mystic blast hits Grinder.
Grinder is lightly wounded.
Grinder is knocked back by the mystic blast.
Grinder slams into the rock wall!
Grinder is lightly wounded.
Casting: Iskenderun's Mystic Blast (extremely dangerous; 13% risk of failure)
Confirm with . or Enter, or press ? or * to list all spells.
Aiming: Magic Dart (safe; 1% risk of failure)
Press: ? - help, Shift-Dir - straight line, f - Grinder
Aim: Grinder (lightly wounded, 100% to hit)
The magic dart hits Grinder.
Grinder is moderately wounded.
A rat comes into view.
Grinder blinks!
Grinder gestures at you.
You suddenly lose the ability to move!
Grinder hits you but does no damage. Grinder hits you. Grinder hits you.
You writhe in agony.
Your magical contamination has completely faded away.
You can move again.
Grinder attacks as you move away! Grinder hits you!
* * * LOW HITPOINT WARNING * * *
You writhe in agony.
* * * LOW HITPOINT WARNING * * *
Unknown command.
Grinder gestures at you.
You suddenly lose the ability to move!
Grinder hits you but does no damage. Grinder barely misses you.
Grinder hits you.
* * * LOW HITPOINT WARNING * * *
You writhe in agony.
You die...

#.##.#.# ##...........
#......# #.#####.###.
#.# #.# #.# #. #.# ##+#
#.#### #.#
##...####..... #.##
##.....##...... #..##
##.......#.####.
##...####..........###..
#....r5@................
##...####..........###..
#..## #........#.# #..
#.######.#.....##.# #.#
#.....##.##...###.. ...
#.###.##.###.†..#####.#
#.# #.##.....###.# #.#
#.###.##.##.## .# #.#
#........##.# #


You could see Grinder and a rat.

Vanquished Creatures
  2 adders (D:3)
  3 gnolls
  A worm (D:2)
  5 endoplasms
  6 giant cockroaches
  5 hobgoblins
  3 jackals (D:1)
  7 kobolds
  5 quokkas
  13 bats
  5 goblins
  4 rats
59 creatures vanquished.

Notes
Turn   | Place    | Note
-------+----------+-------------------------------------------
     0 | D:1      | seaoflcl the Deep Elf Conjurer began the quest for the Orb.
     0 | D:1      | Reached XP level 1. HP: 10/10 MP: 6/6
   192 | D:1      | Reached XP level 2. HP: 15/15 MP: 2/8
   667 | D:1      | Reached XP level 3. HP: 19/19 MP: 8/10
   991 | D:1      | Found a faded altar of an unknown god.
  1555 | D:2      | Reached XP level 4. HP: 24/24 MP: 9/11
  1830 | D:2      | Got the Discursus on Doomed Venin
  1837 | D:2      | Learned a level 3 spell: Dazzling Flash
  1842 | D:2      | Learned a level 4 spell: Iskenderun's Mystic Blast
  2002 | D:2      | Found Tac Xiofum's Magic Scroll Shop.
  2577 | D:3      | Reached skill level 5 in Conjurations
  2795 | D:3      | Found a runed translucent door.
  2796 | D:3      | Noticed Crazy Yiuf
  3137 | D:3      | Noticed Grinder
  3144 | D:3      | Paralysed by Grinder for 5 turns
  3152 | D:3      | Paralysed by Grinder for 5 turns
  3156 | D:3      | HP: 1/24 [Grinder (4)]
  3156 | D:3      | Slain by Grinder

Illustrated notes

Levels and vault maps discovered:
D:1:      mrwooster_arrival_statue_3, layout_loops_ring,
          nicolae_ecumenical_lake_church
D:2:      minmay_razor_zed, layout_rooms, serial_shops, nicolae_shop_rolled_up
D:3:      layout_loops_corners, lightli_corner_chamber, uniq_grinder,
          uniq_crazy_yiuf_cottage

Skill      XL: |  1  2  3  4 |
---------------+-------------+-----
Stealth        | 3 4 |  4.1
Dodging        | 3 |  3.4
Spellcasting   | 4 |  4.1
Conjurations   | 5 |  5.0

Action                     |  1- 3 |  4- 6 || total
---------------------------+-------+-------++-------
   Cast: Magic Dart        |    67 |    43 ||   110
         Iskenderun's Myst |       |     1 ||     1
 Armour: Robe              |     3 |     3 ||     6
  Dodge: Dodged            |     8 |     5 ||    13
